General information
- name: BNet
- type: Ladder 1vs1/FFA
- host: Battle.net
- saver: CaptainEasy
map: Legends
- players: 2
- length: 04:59
- speed: Fast
- version: 1.26 WAR3
- replay type: Public
» download(13 KB)
Players
team 1 (winner)

»
CaptainEasy (
blue | 51 APM | 254 actions | 04:59)
2 Far Seer
1 Feral Spirit
1 Chain Lighting
» actions
| Assign group hotkey | 18 | |
| Basic commands | 22 | |
| Build / train | 19 | |
| Enter build submenu | 5 | |
| Enter hero's abilities submenu | 2 | |
| Right click | 67 | |
| Select / deselect | 61 | |
| Select group hotkey | 50 | |
| Use ability | 10 | |
254 total
» units
| Peon | 8 | |
| Troll Headhunter/Berserker | 5 | |
13 total
» upgrades
| Spiked Barricades | 1 | |
| Ranged Weapons | 1 | |
2 total
» buildings
| Altar of Storms | 1 | |
| Orc Burrow | 2 | |
| Barracks | 1 | |
| War Mill | 1 | |
| Stronghold | 1 | |
6 total
» build order
00:07 Altar of Storms
00:20 Orc Burrow
01:08 Barracks
01:10 War Mill
02:20 Orc Burrow
04:36 Stronghold
team 2 (loser)
Genghis_Sean (
pink | 46 APM | 224 actions | 04:50)
2 Far Seer
1 Feral Spirit
1 Chain Lighting
» actions
| Assign group hotkey | 2 | |
| Basic commands | 29 | |
| Build / train | 16 | |
| Enter build submenu | 8 | |
| Enter hero's abilities submenu | 2 | |
| Right click | 77 | |
| Select / deselect | 77 | |
| Select group hotkey | 1 | |
| Use ability | 12 | |
224 total
» units
| Peon | 6 | |
| Troll Headhunter/Berserker | 6 | |
12 total
» buildings
| Altar of Storms | 1 | |
| Orc Burrow | 3 | |
| War Mill | 1 | |
| Barracks | 2 | |
| Watch Tower | 1 | |
8 total
» build order
00:08 Altar of Storms
00:17 Orc Burrow
00:51 War Mill
01:19 Barracks
01:48 Orc Burrow
02:21 Barracks
04:17 Orc Burrow
04:47 Watch Tower
» items
Chat log
(00:36 / All) CaptainEasy: have you been a victim to the new disc hack yet?
(00:40 / All) CaptainEasy: i just had 4th or 5th
(00:43 / All) Genghis_Sean: no
(00:46 / All) Genghis_Sean: haven't played in a week